 Dungeon Crawl Stone Soup version 0.19.1 (webtiles) character file.

150246 dondy the Corrupter of Planes (level 16, 121/122 HPs)
             Began as a Demonspawn Abyssal Knight on Dec 22, 2016.
             Was the Champion of Lugonu.
             Quit the game on level 4 of the Spider Nest on Dec 25, 2016.
             The game lasted 02:52:00 (33799 turns).

dondy the Corrupter of Planes (DsAK)               Turns: 33799, Time: 02:52:01

Health: 121/122    AC: 29    Str: 17    XL:     16   Next: 98%
Magic:  30/30      EV: 19    Int: 15    God:    Lugonu [******]
Gold:   2508       SH:  0    Dex: 14    Spells: 2 memorised, 13 levels left

rFire  . . .     SeeInvis +     a - +9 scimitar (distort)
rCold  . . .     Gourm    .     S - +6 mottled dragon scales
rNeg   . . .     Faith    .     (no shield)
rPois  .         Spirit   +     (helmet unavailable)
rElec  .         Reflect  .     h - +2 cloak
rCorr  +         Harm     .     I - +2 pair of gloves
MR     +....                    (no boots)
Stlth  +.........               u - amulet of regeneration
                                X - ring of resist corrosion
                                E - +4 ring of protection

@: no status effects
A: antennae 3, molten scales 2, powered by death 2, magic shield, magic
regeneration
a: Depart the Abyss, Bend Space, Banish, Corrupt, Enter the Abyss, Renounce
Religion


You were on level 4 of the Spider Nest.
You worshipped Lugonu.
Lugonu was exalted by your worship.
You were not hungry.

You visited 4 branches of the dungeon, and saw 26 of its levels.
You visited the Abyss 1 time.

You collected 3149 gold pieces.
You spent 641 gold pieces at shops.

Inventory:

Hand Weapons
 a - a +9 scimitar of distortion (weapon)
Armour
 h - a +2 cloak (worn)
 I - a +2 pair of gloves (worn)
 M - the +1 robe "Nuvuyceg" {*Slow rN++ MR+, unknown}
   (You found it on level 3 of the Spider Nest)

   It greatly protects you from negative energy.
   It affects your resistance to hostile enchantments.
   It may slow you when you take damage.
 S - +6 mottled dragon scales (worn)
Jewellery
 u - an amulet of regeneration (around neck)
 E - a +4 ring of protection (left hand)
 X - a ring of resist corrosion (right hand)
Wands
 t - a wand of acid (2/15)
 w - a wand of digging (17/24)
 x - a wand of lightning (3/15)
 y - a wand of disintegration (1/24)
 B - a wand of flame (13/48)
 C - a wand of iceblast (7/15)
 K - a wand of iceblast (11/15)
 P - a wand of flame (2/48)
 Q - a wand of paralysis (4/24)
 U - a wand of teleportation (5/9)
Scrolls
 b - a scroll of recharging {unknown}
 e - a scroll of identify
 f - a scroll of acquirement {unknown}
 g - a scroll of fear
 i - a scroll of fog {unknown}
 j - 4 scrolls of magic mapping
 m - 2 scrolls of blinking
 z - 8 scrolls of remove curse
 F - 3 scrolls of vulnerability {unknown}
 N - a scroll of teleportation
 O - a scroll of immolation {unknown}
 R - a scroll of amnesia
 V - a scroll of silence {unknown}
Potions
 d - 7 potions of might
 k - a potion of mutation {unknown}
 l - 3 potions of resistance
 n - 4 potions of haste
 o - a potion of cure mutation {unknown}
 p - a potion of curing
 r - 2 potions of magic {unknown}
 s - a potion of ambrosia {unknown}
 A - 2 potions of agility
 D - 6 potions of lignification
 H - 2 potions of cancellation {unknown}
 L - a potion of berserk rage {unknown}
 Z - a potion of heal wounds
Comestibles
 c - a bread ration
 q - 8 fruits
 v - 4 slices of pizza
 G - 7 beef jerkies
 J - 5 meat rations
 T - 5 chunks of flesh


   Skills:
 - Level 10.0 Fighting
 - Level 14.0 Long Blades
 + Level 11.7 Armour
 + Level 11.5 Dodging
 - Level 1.0 Unarmed Combat
 * Level 21.9 Invocations


You had 13 spell levels left.
You knew the following spells:

 Your Spells              Type           Power        Failure   Level  Hunger
a - Apportation           Tloc           #.........   34%         1    ##.....
b - Animate Skeleton      Necr           N/A          34%         1    ##.....


Dungeon Overview and Level Annotations

Branches:
Dungeon (14/15)            Temple (0/1) D:7            Lair (6/6) D:9
 Shoals (0/4) Lair:4       Spider (4/4) Lair:2        Slime (0/5) Lair:6
    Orc (2/2) D:11            Elf (0/3) Orc:2        Vaults (0/5) D:13

Altars:
Dithmenos
Fedhas
Hepliaklqana
Makhleb
Nemelex Xobeh
Okawaru
Qazlal
Ru
Trog
The Shining One
Jiyva

Shops:
D:5 :   D:6 !!   Orc:2 =*[(

Annotations:
Abyss:1 Aizul, Arachne


Innate Abilities, Weirdness & Mutations

You have a pair of large antennae on your head. (SInv)
You are mostly covered in molten scales. (AC +3)
You regenerate health from kills.
When hurt, damage is shared between your health and your magic reserves.
You regenerate magic rapidly.


Message History

Space warps horribly around the redback!
You kill the redback!
Lugonu accepts your kill.
You see here a redback corpse.
You enter the shallow water.
Moving in this stuff is going to be slow.
You closely miss the tarantella.
The tarantella bites you but does no damage.
You slash the tarantella!
Space warps horribly around the tarantella!
You kill the tarantella!
Lugonu accepts your kill.
You see here a tarantella corpse.
You butcher the tarantella corpse.
T - 5 chunks of flesh (gained 3)
Okay, then.
Welcome back, dondy the Demonspawn Abyssal Knight.
Lugonu says: Spread carnage and corruption!
Press ? for a list of commands and other information.
Are you sure you want to abandon this character and quit the game? (Confirm with "yes".)

{ #.≈≈≈.# ##.≈≈.# {
#..≈≈^# #..≈#≈# {
#†.≈≈≈# ##≈ {
#...≈≈# ≈≈≈. {
#.†#.≈# ≈≈≈≈≈
#.....# ≈≈#≈≈≈
##@...#
##≈≈≈≈########.....#
≈≈≈≈≈≈≈≈≈..........#
≈≈≈≈≈≈#≈≈≈≈≈≈#.....#
#≈≈≈≈≈≈≈≈≈≈≈≈≈≈..#
.....≈≈≈.....≈≈≈#≈≈#
........^#.....≈≈≈≈#
####################


There were no monsters in sight!

Vanquished Creatures
  Frances (Spider:1)
  A ghost moth (Spider:4)
  An orc warlord (Orc:2)
  4 entropy weavers
  A spark wasp (Spider:4)
  Snorg (Lair:4)
  A fire dragon (Lair:6)
  Fannar (Lair:2)
  A vault guard (D:13)
  3 centaur warriors (D:13)
  A death knight (D:13)
  5 death yaks (Lair:6)
  7 orc high priests (Orc:2)
  Urug (Lair:3)
  A deep elf archer (D:13)
  2 lindwurms (Lair:6)
  8 hill giants
  13 orb spiders
  2 orc knights (D:13)
  4 deep elf magi
  4 ugly things
  4 cyclopes
  31 wolf spiders
  5 orc sorcerers
  A moth of wrath (Spider:4)
  3 black mambas (Lair:6)
  A centaur zombie (D:13)
  A siren (Lair:4)
  15 elephants
  3 rime drakes (Lair:6)
  9 spiny frogs
  5 torpor snails
  11 demonic crawlers
  7 komodo dragons
  45 jumping spiders
  3 meliai (D:13)
  5 trolls
  2 tengu conjurers (D:13)
  5 polar bears
  A spectral jumping spider (Spider:4)
  2 tyrant leeches (Lair:6)
  A polar bear (shapeshifter) (D:14)
  5 hornets
  Prince Ribbit (Lair:1)
  5 slime creatures (D:11)
  2 two-headed ogres
  10 blink frogs
  12 hippogriffs
  A jumping spider zombie (Spider:4)
  50 redbacks
  A spriggan (D:9)
  27 tarantellas
  A wraith (D:12)
  3 wyverns
  4 steam dragons
  6 basilisks
  69 yaks
  A human (D:13)
  2 hungry ghosts (D:8)
  Edmund (D:3)
  Menkaure (D:7)
  4 mottled dragons
  A swamp worm (Lair:6)
  3 soldier ants (Spider:4)
  3 wargs
  A spectral hornet (Spider:4)
  18 water moccasins
  8 porcupines
  29 orc warriors
  A swamp drake (Lair:6)
  3 black bears
  3 phantoms
  2 ice beasts (D:9)
  7 wolves
  A hornet zombie (Spider:4)
  8 ogres
  23 crocodiles
  8 centaurs
  2 big kobolds
  17 bullfrogs
  3 scorpions
  57 killer bees
  3 howler monkeys
  6 wights
  5 electric eels
  6 crimson imps
  A quasit (D:14)
  6 hounds
  11 orc priests
  2 jellies
  15 orc wizards
  5 centaur skeletons
  Jessica (D:2)
  Ijyb (D:2)
  6 iguanas
  A hell rat (D:13)
  Natasha (thrice) (D:2)
  15 worker ants
  A centaur simulacrum (D:9)
  A hound skeleton (D:4)
  2 howler monkey zombies
  2 worker ant zombies
  7 gnolls
  11 adders
  A hound simulacrum (D:9)
  2 shadow imps
  A white imp (D:9)
  3 oozes
  6 adder skeletons
  An adder zombie (D:8)
  2 worms
  A dart slug (D:1)
  An adder simulacrum (D:9)
  3 leopard geckos
  89 orcs
  8 bats
  A bat skeleton (D:2)
  A bat zombie (D:2)
  3 giant cockroaches
  9 hobgoblins
  11 jackals
  6 quokkas
  2 ball pythons
  6 frilled lizards
  2 goblins
  A jackal skeleton (D:4)
  A jackal zombie (D:2)
  16 kobolds
  2 leopard gecko skeletons
  A leopard gecko zombie (D:2)
  3 quokka skeletons
  A quokka zombie (D:2)
  5 rats
927 creatures vanquished.

Vanquished Creatures (others)
  A ghost moth (Spider:3)
  2 emperor scorpions (Spider:4)
  3 entropy weavers
  A spark wasp (Spider:3)
  2 vault guards (D:13)
  8 hydras
  A queen ant (Spider:4)
  An orc high priest (Orc:2)
  An orc knight (Orc:2)
  A hill giant (D:13)
  5 orb spiders
  A deep elf mage (D:13)
  4 wolf spiders
  2 ugly things
  A yaktaur (D:13)
  3 demonic crawlers
  A redback zombie (Spider:4)
  A hornet (Spider:4)
  5 jumping spiders
  A spectral tarantella (Spider:4)
  A blink frog (shapeshifter) (D:13)
  4 redbacks
  2 orc warriors (Orc:2)
  2 killer bees (D:13)
  An orc wizard (Orc:2)
  12 fungi
  8 plants
75 creatures vanquished.

Grand Total: 1002 creatures vanquished

Notes
Turn   | Place    | Note
-------+----------+-------------------------------------------
     0 | Abyss:1  | dondy the Demonspawn Abyssal Knight began the quest for the Orb.
     0 | Abyss:1  | Reached XP level 1. HP: 18/18 MP: 2/2
    61 | Abyss:1  | Found a corrupted altar of Lugonu.
   146 | Abyss:1  | Found a corrupted altar of Lugonu.
   155 | Abyss:1  | Noticed a fire giant simulacrum
   219 | Abyss:1  | Noticed a small abomination
   227 | Abyss:1  | Noticed a shock serpent zombie
   231 | D:1      | Escaped the Abyss
   685 | D:1      | Reached skill level 1 in Dodging
   835 | D:1      | Gained mutation: You have a pair of small antennae on your head. [demonic ancestry]
   835 | D:1      | Reached XP level 2. HP: 16/24 MP: 3/3
  1340 | D:2      | Reached * piety under Lugonu
  1340 | D:2      | Reached skill level 3 in Invocations
  1340 | D:2      | Gained mutation: You have a pair of antennae on your head. [demonic ancestry]
  1340 | D:2      | Reached XP level 3. HP: 29/29 MP: 5/5
  1378 | D:2      | Noticed Ijyb
  1691 | D:2      | Killed Ijyb
  1926 | D:2      | Gained mutation: When hurt, damage is shared between your health and your magic reserves. [demonic ancestry]
  1926 | D:2      | Reached XP level 4. HP: 33/35 MP: 6/6
  2348 | D:2      | Noticed Jessica
  2364 | D:2      | Killed Jessica
  2436 | D:2      | Reached skill level 4 in Invocations
  2467 | D:2      | Noticed Natasha
  2474 | D:2      | Killed Natasha
  2474 | D:2      | Reached XP level 5. HP: 34/41 MP: 5/8
  2613 | D:2      | Noticed Natasha
  2625 | D:2      | Killed Natasha
  2734 | D:2      | Noticed Natasha
  2740 | D:2      | Killed Natasha
  2872 | D:3      | Reached ** piety under Lugonu
  3066 | D:3      | Reached XP level 6. HP: 33/47 MP: 6/9
  3569 | D:3      | Reached skill level 5 in Invocations
  4201 | D:4      | Noticed Edmund
  4310 | D:3      | Killed Edmund
  4310 | D:3      | Reached skill level 5 in Long Blades
  4809 | D:4      | Reached XP level 7. HP: 38/52 MP: 9/11
  5019 | D:4      | Reached skill level 6 in Invocations
  5755 | D:4      | Found a shadowy altar of Dithmenos.
  5862 | D:4      | Reached skill level 7 in Invocations
  6004 | D:4      | Reached XP level 8. HP: 33/58 MP: 13/13
  6163 | D:4      | Found an iron altar of Okawaru.
  6183 | D:4      | Reached *** piety under Lugonu
  6317 | D:5      | Entered Level 5 of the Dungeon
  6332 | D:5      | Found a blossoming altar of Fedhas.
  6546 | D:5      | Found a burning altar of Makhleb.
  6547 | D:5      | Found a sparkling altar of Nemelex Xobeh.
  7074 | D:5      | Found Jirud's Book Shop.
  7156 | D:5      | Reached skill level 8 in Invocations
  7728 | D:6      | Found Vulle Jomn's Distillery.
  7731 | D:6      | Bought a potion of agility for 60 gold pieces
  7731 | D:6      | Bought a potion of lignification for 45 gold pieces
  7731 | D:6      | Bought a potion of heal wounds for 75 gold pieces
  8005 | D:6      | Found Syqisats's Distillery.
  8009 | D:6      | Bought a potion of degeneration for 14 gold pieces
  8334 | D:7      | Reached skill level 9 in Invocations
  8417 | D:7      | Reached XP level 9. HP: 58/63 MP: 12/15
  8460 | D:7      | Noticed Menkaure
  8483 | D:7      | Killed Menkaure
  8576 | D:7      | Found a staircase to the Ecumenical Temple.
  8674 | D:7      | Got a brightly glowing falchion
  9146 | D:8      | Reached **** piety under Lugonu
  9146 | D:8      | Reached skill level 10 in Invocations
  9411 | D:8      | Reached skill level 10 in Long Blades
  9468 | D:8      | Found a bloodstained altar of Trog.
 10218 | D:9      | Gained mutation: You regenerate a little health from kills. [demonic ancestry]
 10218 | D:9      | Reached XP level 10. HP: 66/70 MP: 16/18
 10232 | D:9      | Found a glowing golden altar of the Shining One.
 10257 | D:8      | Reached skill level 11 in Invocations
 10495 | D:9      | Paralysed by an orc warrior for 7 turns
 10679 | D:9      | Found a faded altar of an unknown god.
 10679 | D:9      | Found a faded altar of an unknown god.
 10684 | D:9      | Found a faded altar of an unknown god.
 10686 | D:9      | Found a hazy altar of Hepliaklqana.
 10687 | D:9      | Found a faded altar of an unknown god.
 10801 | D:9      | Noticed a hill giant
 10830 | D:9      | Killed a hill giant
 11011 | D:9      | Found a staircase to the Lair.
 11445 | D:9      | Reached skill level 12 in Invocations
 11497 | D:9      | Reached ***** piety under Lugonu
 11615 | D:10     | Entered Level 10 of the Dungeon
 11627 | D:9      | Paralysed by a hornet for 2 turns
 11723 | D:10     | Noticed a hill giant
 11736 | D:10     | Killed a hill giant
 11790 | D:10     | Noticed a hill giant
 11804 | D:10     | Killed a hill giant
 11804 | D:10     | Gained mutation: You regenerate health from kills. [demonic ancestry]
 11804 | D:10     | Reached XP level 11. HP: 70/75 MP: 17/20
 12339 | D:10     | Noticed a hill giant
 12350 | D:10     | Killed a hill giant
 12929 | D:11     | Noticed a cyan ugly thing
 12934 | D:11     | Banished a cyan ugly thing
 13137 | D:11     | Reached skill level 13 in Invocations
 13492 | D:11     | Found a staircase to the Orcish Mines.
 14055 | D:11     | Identified the +2 falchion of the Shallot {drain, *Corrode Dex+7 Stlth+} (You found it on level 7 of the Dungeon)
 14120 | Lair:1   | Entered Level 1 of the Lair of Beasts
 14317 | Lair:1   | Noticed Prince Ribbit
 14329 | Lair:1   | Killed Prince Ribbit
 15229 | Lair:2   | Noticed Fannar
 15302 | Lair:2   | HP: 1/75 [Fannar/Ozocubu's Refrigeration (18)]
 15311 | Lair:2   | Killed Fannar
 15629 | Lair:2   | Found a hole to the Spider Nest.
 15640 | Lair:2   | Reached skill level 14 in Invocations
 15968 | Lair:2   | Gained mutation: You have a pair of large antennae on your head. (SInv) [demonic ancestry]
 15968 | Lair:2   | Reached XP level 12. HP: 69/81 MP: 17/22
 16011 | Lair:2   | Noticed a six-headed hydra
 16012 | Lair:2   | Banished a six-headed hydra
 16221 | Lair:3   | Noticed Urug
 16240 | Lair:3   | Killed Urug
 17364 | Lair:4   | Reached skill level 15 in Invocations
 17414 | Lair:4   | Reached skill level 5 in Armour
 17550 | Lair:4   | Reached ****** piety under Lugonu
 17555 | Lair:4   | Reached skill level 5 in Dodging
 18448 | Lair:4   | Found a staircase to the Shoals.
 18687 | Lair:4   | Noticed Snorg
 18722 | Lair:4   | HP: 2/81 [Snorg (12)]
 18938 | Lair:4   | Killed Snorg
 18938 | Lair:4   | Gained mutation: You regenerate magic rapidly. [demonic ancestry]
 18938 | Lair:4   | Reached XP level 13. HP: 28/86 MP: 6/24
 19374 | Lair:5   | Got a faintly glowing robe
 19599 | Lair:5   | Reached skill level 16 in Invocations
 20668 | Lair:5   | Identified the cursed +0 robe of Bydourat {Regen+} (You found it on level 5 of the Lair of Beasts)
 20811 | Lair:6   | Entered Level 6 of the Lair of Beasts
 21151 | Lair:6   | Got a faintly glowing robe
 21539 | Lair:6   | Reached skill level 17 in Invocations
 21758 | Lair:6   | Reached XP level 14. HP: 85/93 MP: 26/26
 22237 | Lair:6   | Found a viscous altar of Jiyva.
 22237 | Lair:6   | Found a staircase to the Slime Pits.
 22543 | Lair:6   | Identified the +1 robe "Yvvyeth" {rCorr Dex+4 Slay-4 Stlth+} (You found it on level 6 of the Lair of Beasts)
 23011 | Lair:1   | Learned a level 1 spell: Animate Skeleton
 23013 | Lair:1   | Learned a level 1 spell: Apportation
 23112 | Orc:1    | Entered Level 1 of the Orcish Mines
 23243 | Orc:1    | Found a bloodstained altar of Trog.
 23512 | Orc:1    | Paralysed by an orc sorcerer for 5 turns
 23518 | Orc:1    | Reached skill level 1 in Unarmed Combat
 24352 | D:12     | Found a sacrificial altar of Ru.
 24490 | D:13     | Found a stormy altar of Qazlal.
 24654 | D:13     | Identified a +9 scimitar of distortion (a +7 scimitar corrupted by Lugonu)
 24654 | D:13     | Received a gift from Lugonu
 24694 | D:13     | Reached skill level 18 in Invocations
 24726 | D:13     | Reached skill level 10 in Armour
 25102 | D:13     | Reached skill level 10 in Dodging
 25121 | D:13     | Reached skill level 5 in Fighting
 25875 | D:13     | Found a gate to the Vaults.
 25952 | D:13     | Gained mutation: You are partially covered in molten scales. (AC +2) [demonic ancestry]
 25952 | D:13     | Reached XP level 15. HP: 84/106 MP: 22/28
 26850 | Orc:2    | Entered Level 2 of the Orcish Mines
 26850 | Orc:2    | Found Cehu Vov's Jewellery Emporium.
 27113 | Orc:2    | Found Poklax Isou's Antique Armour Shoppe.
 27352 | Orc:2    | Noticed an orc warlord
 27415 | Orc:2    | Killed an orc warlord
 27444 | Orc:2    | Reached skill level 19 in Invocations
 27449 | Orc:2    | Found Kaycvuh's Antique Weapon Shop.
 27451 | Orc:2    | Paralysed by an orc sorcerer for 3 turns
 27497 | Orc:2    | Found a staircase to the Elven Halls.
 27587 | Orc:2    | Bought an embroidered cloak for 283 gold pieces
 27738 | Orc:2    | Found Hituph's General Store.
 27746 | Orc:2    | Bought a scroll of fear for 52 gold pieces
 27746 | Orc:2    | Bought a scroll of enchant weapon for 112 gold pieces
 27984 | Spider:1 | Entered Level 1 of the Spider Nest
 28015 | Spider:1 | Noticed Frances
 28045 | Spider:1 | Killed Frances
 28652 | Spider:1 | Reached skill level 10 in Fighting
 29657 | Spider:2 | Reached skill level 20 in Invocations
 30052 | Spider:2 | Gained mutation: You are mostly covered in molten scales. (AC +3) [demonic ancestry]
 30052 | Spider:2 | Reached XP level 16. HP: 109/122 MP: 28/30
 30834 | Spider:3 | Got a wizard robe
 31503 | Spider:4 | Entered Level 4 of the Spider Nest
 31663 | Spider:4 | Noticed Aizul
 31676 | Spider:4 | Reached skill level 21 in Invocations
 32000 | Spider:4 | Noticed Arachne
 32001 | Spider:4 | Banished Arachne
 32209 | Spider:4 | Banished Aizul
 33799 | Spider:4 | Quit the game

Skill      XL: |  1  2  3  4  5  6  7  8  9 10 11 12 13 14 15 16 |
---------------+-------------------------------------------------+-----
Long Blades    | 2 3 4 5 6 8 10 12 14 | 14.0
Dodging        | 1 2 6 8 10 11 | 11.5
Armour         | 2 6 8 10 11 | 11.7
Invocations    | 3 4 5 7 9 10 12 14 15 17 18 20 21 | 21.9
Unarmed Combat | 1 |  1.0
Fighting       | 6 10 | 10.0

Action                   |  1- 3 |  4- 6 |  7- 9 | 10-12 | 13-15 | 16-18 || total
-------------------------+-------+-------+-------+-------+-------+-------++-------
Melee: Falchion          |   112 |   124 |       |       |       |       ||   236
       Long sword        |       |   138 |   323 |       |       |       ||   461
       Scimitar          |       |       |   118 |  1281 |  1994 |   646 ||  4039
       Punch             |       |       |       |       |     6 |     1 ||     7
Invok: Depart the Abyss  |     1 |       |       |       |       |       ||     1
       Bend Space        |       |       |       |    12 |     1 |       ||    13
       Banish            |       |       |       |     2 |    22 |     2 ||    26
       Brand Weapon With |       |       |       |       |     1 |       ||     1
Evoke: Wand              |       |       |       |    24 |     4 |     1 ||    29
  Use: Scroll            |       |       |     4 |     4 |    21 |     2 ||    31
       Potion            |       |       |       |     5 |     4 |     2 ||    11
  Eat: Chunk             |     3 |    10 |    18 |    30 |    41 |    11 ||   113
       Fruit             |       |       |     6 |       |     6 |     4 ||    16
Armor: Leather armour    |    46 |       |       |       |       |       ||    46
       Ring mail         |     4 |    86 |   158 |   218 |       |       ||   466
       Mottled dragon sc |       |       |       |   287 |   898 |   459 ||  1644
Dodge: Dodged            |    76 |   140 |   212 |   648 |  1633 |   633 ||  3342
       Rpst.: Falchion   |    25 |    25 |       |       |       |       ||    50
       Long sword        |       |    25 |    47 |       |       |       ||    72
       Scimitar          |       |       |    20 |   166 |   411 |   121 ||   718
